 Dungeon Crawl Stone Soup version 0.21.1-1-g345015fe64 (webtiles) character file.

65 Hercules1031 the Conjurer (level 3, 0/25 HPs)
             Began as a Draconian Conjurer on June 9, 2018.
             Was an Initiate of Hepliaklqana.
             Killed by nerve-wracking pain
             ... invoked by an orc priest
              (8 damage)
             ... on level 3 of the Dungeon.
             The game lasted 00:14:38 (1343 turns).

Hercules1031 the Conjurer (Draconian Conjurer)      Turns: 1343, Time: 00:14:39

Health: 0/25       AC:  6    Str: 10    XL:     3   Next: 92%
Magic:  0/6        EV: 12    Int: 16    God:    Hepliaklqana [......]
Gold:   131        SH:  4    Dex: 11    Spells: 1/7 levels left

rFire    . . .     SeeInvis .   c - +2 short sword (venom)
rCold    . . .     Gourm    .   d - +1 buckler
rNeg     . . .     Faith    .   (armour unavailable)
rPois    .         Spirit   .   (helmet restricted)
rElec    .         Reflect  .   (no cloak)
rCorr    .         Harm     .   (no gloves)
MR       .....                  i - +0 pair of boots
Stlth    ++........             (no amulet)
HPRegen  0.08/turn              (no ring)
MPRegen  0.10/turn              (no ring)

@: no status effects
A: unfitting armour, reduced essence, cold-blooded, AC +5
a: Recall Ancestor, Ancestor Identity, Renounce Religion


You were on level 3 of the Dungeon.
You worshipped Hepliaklqana.
Hepliaklqana was noncommittal.
You were full.

You visited 1 branch of the dungeon, and saw 3 of its levels.

You collected 131 gold pieces.

Inventory:

Hand Weapons
 c - a +2 short sword of venom (weapon)
Armour
 d - a +1 buckler (worn)
 i - a +0 pair of boots (worn)
 m - a cursed +0 ring mail
Scrolls
 e - a scroll of identify
Potions
 b - a potion of magic {unknown}
 f - a potion of curing
 g - a potion of degeneration {unknown}
 h - a potion of resistance {unknown}
 j - a potion of might {unknown}
 l - a potion of brilliance {unknown}
Books
 a - a book of Conjurations

   Spells                             Type                      Level
   a - Magic Dart                     Conjuration                  1
   b - Searing Ray                    Conjuration                  2
   c - Dazzling Spray                 Conjuration/Hexes            3
   d - Fulminant Prism                Conjuration/Hexes            4
   e - Force Lance                    Conjuration/Translocation    4
   f - Iskenderun's Mystic Blast      Conjuration                  4
Comestibles
 k - a ration


   Skills:
 + Level 1.0 Fighting
 + Level 0.7 Short Blades
 + Level 2.1 Dodging
 - Level 1.7 Stealth
 * Level 1.1 Shields
 * Level 2.5 Spellcasting
 * Level 4.5 Conjurations


You had one spell level left.
You knew the following spells:

 Your Spells              Type           Power        Failure   Level  Hunger
a - Magic Dart            Conj           ###.         4%          1    #......
b - Searing Ray           Conj           ###...       7%          2    ##.....
c - Dazzling Spray        Conj/Hex       #.....       32%         3    ###....


Dungeon Overview and Level Annotations

Branches:
Dungeon (3/15)

Altars:
Hepliaklqana


Innate Abilities, Weirdness & Mutations

Your plain brown scales are hard. (AC +5)
You cannot fit into any form of body armour.
You are cold-blooded and may be slowed by cold attacks.
Your life essence is reduced to manifest your ancestor. (-10% HP)


Message History

The orc is moderately wounded.
The orc hits you but does no damage.
Kegan closely misses the orc.
The orc priest hits you with a short sword!
You closely miss the orc priest.
The orc priest is severely wounded.
The orc is no longer blind.
The orc priest is no longer blind.
The orc closely misses you.
Kegan barely misses the orc.
The orc hits you with a flail! The orc priest closely misses you.
Kegan hits the orc.
You closely miss the orc priest.
The orc priest is severely wounded.
You kill the orc!
The orc barely misses Kegan.
The orc priest hits you with a short sword.
Kegan misses the orc.
You barely miss the orc priest.
The orc priest is severely wounded.
The orc priest mumbles some strange prayers to Beogh against you.
Pain shoots through your body!
You die...

#.........#..
#............
#............
#...........g
#............
#............
#...oRo....#
#....@)....#
##.........#
#........##
#......#....
#....### ...
#..... ..
#..... .
#.....


You could see the friendly Kegan the ancestor, an orc priest, an orc and a
goblin.

Vanquished Creatures
  2 adders (D:2)
  2 leopard geckos (D:1)
  2 orcs (D:3)
  8 bats
  3 goblins
  3 hobgoblins
  9 jackals
  4 frilled lizards
  3 kobolds
  6 rats
42 creatures vanquished.

Notes
Turn   | Place    | Note
-------+----------+-------------------------------------------
     0 | D:1      | Hercules1031 the Draconian Conjurer began the quest for the Orb.
     0 | D:1      | Reached XP level 1. HP: 14/14 MP: 3/3
   126 | D:1      | Reached XP level 2. HP: 13/20 MP: 1/5
   255 | D:1      | Learned a level 2 spell: Searing Ray
   546 | D:1      | Reached XP level 3. HP: 16/27 MP: 1/6
   559 | D:1      | Learned a level 3 spell: Dazzling Spray
   751 | D:2      | Reached skill level 1 in Shields
  1138 | D:2      | Found a hazy altar of Hepliaklqana.
  1157 | D:2      | Became a worshipper of Hepliaklqana the Forgotten
  1215 | D:2      | Reached skill level 1 in Fighting
  1343 | D:3      | Killed from afar by an orc priest

Skill      XL: |  1  2  3 |
---------------+----------+-----
Dodging        | 2 |  2.1
Shields        | 1 |  1.1
Fighting       | 1 |  1.0
Short Blades   | |  0.7
Stealth        | |  1.7
Spellcasting   | |  2.5
Conjurations   | |  4.5

Action                   || total
-------------------------++-------
Melee: Unarmed           ||    10
       Short sword       ||    66
       Tailslap          ||     6
 Cast: Magic Dart        ||    41
       Dazzling Spray    ||     1
Invok: Ancestor Identity ||     3
  Use: Scroll            ||     7
       Potion            ||     1
  Eat: Ration            ||     2
Armor: Skin              ||    43
Dodge: Dodged            ||    75
Block: Buckler           ||    14
